 Dungeon Crawl Stone Soup version 0.30.1-11-g7821555f0a (webtiles) character file.

Game seed: 5209364158966736792

280 H0rd4k the Cudgeller (level 6, -6/46 HPs)
             Began as a Human Artificer on Dec 11, 2023.
             Was an Initiate of Gozag.
             Mangled by a gnoll bouda
             ... wielding a +0 club
              (9 damage)
             ... on level 5 of the Dungeon.
             The game lasted 00:03:52 (3445 turns).

H0rd4k the Cudgeller (Human Artificer)              Turns: 3445, Time: 00:03:52

Health: -6/46      AC:  3    Str: 12    XL:     6   Next: 52%
Magic:  8/8        EV: 12    Int: 13    God:    Gozag
Gold:   158        SH:  0    Dex: 14    Spells: 8/8 levels left

rFire   . . .        i - +2 mace (venom)
rCold   . . .        (no shield)
rNeg    . . .        b - +0 leather armour
rPois   .            (no helmet)
rElec   .            (no cloak)
rCorr   .            (no gloves)
SInv    .            (no boots)
Will    .....        (no amulet)
Stlth   +            (no ring)
HPRegen 0.27/turn    (no ring)
MPRegen 0.11/turn

%: no passive effects
@: weakened, gold aura
A: no striking features
a: Renounce Religion, Potion Petition, Call Merchant, Bribe Branch


You were on level 5 of the Dungeon.
You worshipped Gozag.
Gozag was aware of your devotion.
You visited 1 branch of the dungeon, and saw 5 of its levels.

You collected 200 gold pieces.
You paid 42 gold pieces to Gozag.

Inventory:

Hand Weapons
 i - a +2 mace of venom (weapon)
Missiles
 x - 3 poisoned darts
Armour
 b - a +0 leather armour (worn)
Magical Staves
 p - a staff of fire
Wands
 c - a wand of flame (15) (quivered)
 d - a wand of charming (6)
 e - a wand of iceblast (5)
 m - a wand of paralysis (7)
Scrolls
 g - 5 scrolls of identify {unknown}
 h - a scroll of enchant armour {unknown}
 j - 3 scrolls of noise {unknown}
 k - a scroll of fog {unknown}
 l - a scroll of silence {unknown}
 n - a scroll of enchant weapon {unknown}
 q - a scroll of magic mapping {unknown}
 s - a scroll of poison {unknown}
 u - a scroll of immolation {unknown}
Potions
 a - a potion of might {unknown}
 f - a potion of lignification {unknown}
 o - 4 potions of curing {unknown}
 r - a potion of haste {unknown}
 t - a potion of mutation {unknown}
 v - a potion of ambrosia {unknown}
 w - a potion of attraction {unknown}


   Skills:
 + Level 2.5 Fighting
 + Level 4.2 Maces & Flails
 - Level 2.0 Armour
 + Level 2.4 Dodging
 - Level 1.0 Stealth
 * Level 1.8 Spellcasting
 - Level 3.0 Evocations


You had 8 spell levels left.
You didn't know any spells.
Your spell library contained the following spells:

 Spells                   Type           Power      Damage    Failure   Level
 Blink                    Tloc           2%         N/A       45%         2
 Ensorcelled Hibernation  Hex/Ice        2%         N/A       45%         2
 Lesser Beckoning         Tloc           2%         N/A       45%         2
 Gell's Gravitas          Tloc           1%         N/A       69%         3
 Spider Form              Tmut/Pois      1%         N/A       69%         3
 Teleport Other           Tloc           1%         N/A       69%         3
 Anguish                  Hex/Necr       0%         N/A       97%         4
 Manifold Assault         Tloc           1%         N/A       97%         4
 Olgreb's Toxic Radiance  Pois           1%         N/A       97%         4
 Storm Form               Tmut/Air       0%         N/A       100%        7
 Discord                  Hex            0%         N/A       100%        8
 Ignition                 Fire           0%         3d3       100%        8


Dungeon Overview and Level Annotations

Branches:
Dungeon (5/15)
 Temple: D:4-7

Altars:
Gozag
Uskayaw
Vehumet
Wu Jian

Shops:
D:1 :(   D:3 [

Annotations:
D:3 Terence


Message History

You hit the orc.
The orc is heavily wounded.
The gnoll bouda gazes fiercely through you!
You feel as though you will be weak longer.
The orc barely misses you.
You closely miss the orc.
The orc is moderately wounded.
The orc hits you but does no damage.
You hit the orc.
The orc is poisoned.
The orc is severely wounded.
The gnoll bouda is distracted by your dazzling golden aura.
The orc closely misses you.
The gnoll bouda shouts!
You hit the orc but do no damage.
The orc is severely wounded.
The gnoll bouda is no longer distracted by gold.
The gnoll bouda gazes fiercely through you!
You feel as though you will be weak longer.
The orc hits you with a +1 mace of protection. x2
* * * LOW HITPOINT WARNING * * *
Aiming: Charm
Press: ? - help, Shift-Dir - straight line, f - orc
Aim: an orc, wielding a +1 mace of protection and quivering boomerangs (severely wounded, very poisoned, chance to affect: 73%)
The orc is charmed.
You kill your orc!
Unknown command.
You hit the gnoll bouda.
The gnoll bouda is poisoned.
The gnoll bouda is lightly wounded.
The gnoll bouda barely misses you.
You barely miss the gnoll bouda.
The gnoll bouda is lightly wounded.
The gnoll bouda hits you with a +0 club!
* * * LOW HITPOINT WARNING * * *
Aiming: Charm
Press: ? - help, Shift-Dir - straight line, f - gnoll bouda
Aim: a gnoll bouda, wielding a +0 club and wearing a +0 leather armour (moderately wounded, very poisoned, chance to affect: 56%)
The gnoll bouda resists with significant effort.
The gnoll bouda hits you with a +0 club!
You die...
Your body crumbles into a pile of gold.

#~~.~~##. ### ###
≈~≈≈≈≈≈w# #.# #.# ~~~#≈≈≈≈
##.# ..# ≈~~~~~≈≈###..#
#.# ≈≈~~~≈≈#≈≈.#.# #.#
~≈~≈~≈≈#≈≈$#$#####$#.###.
≈~~~~~~~~≈≈#....@g........
~~!..~<..~#~.######.......
...<.....~~..# .......
~~.$?~~$≈~~~## .o.....
~~~~≈≈#≈≈≈≈≈# .g.....
≈≈~≈≈≈#≈≈≈≈##


oo..... ≈≈~~#≈≈≈≈≈w# .....## ≈≈~~≈≈≈≈~~..# ≈≈~~~≈≈~~....# You could see a gnoll
bouda (very poisoned).

Vanquished Creatures
  A howler monkey (D:4)
  An iguana (D:4)
  A gnoll (D:5)
  6 adders
  3 dart slugs
  A worm (D:3)
  6 orcs
  3 ball pythons
  11 endoplasms
  2 giant cockroaches (D:1)
  6 goblins
  4 hobgoblins
  2 quokkas
  7 bats
  4 frilled lizards
  5 kobolds
  3 rats
66 creatures vanquished.

Vanquished Creatures (collateral kills)
  An orc wizard (D:5)
  4 gnolls (D:5)
  3 orcs
8 creatures vanquished.

Vanquished Creatures (others)
  An ogre (D:5)
  Blork the orc (D:5)
  An iguana (D:5)
  A worm (D:5)
4 creatures vanquished.

Grand Total: 78 creatures vanquished

Notes
Turn   | Place    | Note
-------+----------+-------------------------------------------
     0 | D:1      | H0rd4k the Human Artificer began the quest for the Orb.
     0 | D:1      | Reached XP level 1. HP: 15/15 MP: 1/1
   194 | D:1      | Reached XP level 2. HP: 21/21 MP: 2/2
   272 | D:1      | Found Keidd's Antique Weapon Emporium.
   337 | D:1      | Reached skill level 1 in Maces & Flails
   603 | D:1      | Found Pothuwyg's Book Shoppe.
   662 | D:1      | Reached XP level 3. HP: 25/26 MP: 3/3
  1301 | D:2      | Found a faded altar of an unknown god.
  1319 | D:2      | Reached skill level 2 in Maces & Flails
  1922 | D:3      | Reached XP level 4. HP: 33/33 MP: 4/4
  1948 | D:3      | Found Moestaat's Antique Armour Emporium.
  2293 | D:3      | Noticed Terence
  2598 | D:4      | Found a hide-covered altar of Uskayaw.
  2649 | D:4      | Reached skill level 3 in Maces & Flails
  2649 | D:4      | Reached skill level 1 in Spellcasting
  2649 | D:4      | Reached XP level 5. HP: 31/38 MP: 4/6
  2737 | D:4      | Found an opulent altar of Gozag.
  2738 | D:4      | Found a radiant altar of Vehumet.
  2742 | D:4      | Became a worshipper of Gozag Ym Sagoz the Greedy
  3129 | D:4      | Found an ornate altar of the Wu Jian Council.
  3356 | D:5      | Entered Level 5 of the Dungeon
  3364 | D:5      | Reached XP level 6. HP: 31/44 MP: 8/8
  3376 | D:5      | Noticed Blork the orc
  3377 | D:5      | Noticed an ogre
  3403 | D:5      | Reached skill level 4 in Maces & Flails
  3404 | D:5      | Your ally Blork the orc died
  3444 | D:5      | HP: 2/46 [gnoll bouda/+0 club (8)]
  3445 | D:5      | Mangled by a gnoll bouda

Illustrated notes

Levels and vault maps discovered:
D:1:      dpeg_arrival_castle, layout_loops_corners, serial_shops,
          nicolae_lakefront_shop, shop, chequers_serial_rivers_micro_e
D:2:      layout_basic, shapermc_ecumenical_altar_mp_urbaneastern,
          roderic_serpentine_path
D:3:      layout_rooms, serial_shops, shop, dk_noncrumbling_2,
          corexii_leaking_fountain, uniq_terence
D:4:      layout_basic, mainiacjoe_overflow_tiny_flanked,
          nicolae_overflow_squiral, lemuel_doored_altar
D:5:      kennysheep_slugbush, layout_basic, led_xom_imps, zin_angel,
          serial_bayou, serial_bayou_pond_d, serial_bayou_pond_e,
          serial_bayou_lake_a, serial_bayou_ford_a, uniq_blork_the_orc,
          uniq_sigmund

Skill      XL: |  1  2  3  4  5  6 |
---------------+-------------------+-----
Maces & Flails | 1 2 3 4 |  4.2
Fighting       | 2 |  2.5
Dodging        | 2 |  2.4
Spellcasting   | 1 |  1.8
Armour         | |  2.0
Stealth        | |  1.0
Evocations     | |  3.0

Action                     |  1- 3 |  4- 6 || total
---------------------------+-------+-------++-------
  Melee: Club              |    20 |       ||    20
         Mace              |    74 |    93 ||   167
         Punch             |     3 |     1 ||     4
  Evoke: Wand              |       |     9 ||     9
   Stab: Sleeping          |     3 |     1 ||     4
 Armour: Leather armour    |    25 |     9 ||    34
  Dodge: Dodged            |    65 |    65 ||   130
